 Dungeon Crawl Stone Soup version bcrawl-1.21.3 (webtiles) character file.

Game seed: 8884460808736180889

1710 Freyura the Cudgeler (level 9, -17/55 HPs)
             Began as a Gargoyle Fighter on Mar 29, 2020.
             Was an Initiate of Ashenzari.
             Demolished by a freezing wraith (22 damage)
             ... on level 6 of the Dungeon.
             The game lasted 00:11:55 (5903 turns).

Freyura the Cudgeler (Gargoyle Fighter)             Turns: 5903, Time: 00:11:56

Health: -17/55     AC: 20    Str: 23    XL:     9   Next: 3%
Magic:  9/9        EV:  9    Int:  8    God:    Ashenzari [......]
Gold:   368        SH: 10    Dex: 12    Spells: 8/8 levels left

rFire    . . .     SeeInvis .   a - +0 flail (curse)
rCold    . . .     Gourm    .   c - +0 medium shield (curse)
rNeg     + . .     Faith    .   d - +0 chain mail
rPois    ∞         Spirit   .   p - +0 helmet (curse)
rElec    +         Reflect  .   q - +0 cloak (curse)
rCorr    .         Harm     .   r - +0 pair of gloves (curse)
MR       .....                  (no boots)
Stlth    ..........             (no amulet)
HPRegen  0.18/turn              (no ring)
MPRegen  0.11/turn              (no ring)

@: berserk cooldown, slowed, very slow
A: negative energy resistance 1, electricity resistance, strong 1, unbreathing,
petrification resistance, rot immunity, sturdy frame 1, AC +6
a: Curse Item, Renounce Religion


You were on level 6 of the Dungeon.
You worshipped Ashenzari.
Ashenzari was noncommittal.
You were not hungry.

You visited 2 branches of the dungeon, and saw 7 of its levels.

You collected 368 gold pieces.

Inventory:

Hand Weapons
 a - a cursed +0 flail (weapon)
Armour
 b - a +0 scale mail
 c - a cursed +0 medium shield (worn)
 d - a +0 chain mail (worn)
 p - a cursed +0 helmet (worn)
 q - a cursed +0 cloak (worn)
 r - a cursed +0 pair of gloves (worn)
Jewellery
 x - an uncursed ring of see invisible
 y - an uncursed amulet of rage
 C - an uncursed amulet of guardian spirit
 E - an uncursed amulet of the gourmand
Wands
 o - a wand of clouds (3)
 u - a wand of random effects (15)
 A - a wand of iceblast (9)
Scrolls
 f - 2 scrolls of teleportation
 h - a scroll of magic mapping {unknown}
 i - 2 scrolls of remove curse {unknown}
 j - 3 scrolls of fog {unknown}
 l - a scroll of enchant armour {unknown}
 n - 2 scrolls of blinking {unknown}
 s - a scroll of noise {unknown}
 v - a scroll of fear {unknown}
 w - a scroll of identify {unknown}
 D - a scroll of amnesia {unknown}
Potions
 g - a potion of curing
 m - a potion of lignification {unknown}
 t - a potion of brilliance {unknown}
 z - a potion of flight {unknown}
 B - a potion of mutation
Comestibles
 e - 12 rations {!d}


   Skills:
 + Level 6.0 Fighting
 * Level 6.8 Maces & Flails
 + Level 5.9 Armour
 + Level 3.5 Dodging
 + Level 6.0 Shields


You had 8 spell levels left.
You didn't know any spells.
Your spell library was empty.

Dungeon Overview and Level Annotations

Branches:
Dungeon (6/12)             Temple (1/1) D:5

Altars:
Ashenzari
Cheibriados
Dithmenos
Elyvilon
Fedhas
Gozag
Hepliaklqana
Kikubaaqudgha
Lugonu
Makhleb
Qazlal
Ru
Sif Muna
Trog
Vehumet
Xom
Yredelemnul
The Shining One

Shops:
D:4 *   D:6 [


Innate Abilities, Weirdness & Mutations

You are resistant to torment.
Your stone body is resilient. (AC +6)
You are immune to poison.
You resist negative energy. (rN+)
You are resistant to electric shocks. (rElec)
You can survive without breathing.
You are immune to petrification.
You are immune to rotting.
Your muscles are strong. (Str +2)
Your movements are slightly less encumbered by armour. (ER -2)


Message History

The freezing wraith drains your vigour!
You feel as though you will be slow longer.
The freezing wraith hits you but does no damage. x2
You closely miss the freezing wraith.
The freezing wraith is lightly damaged.
The freezing wraith hits you but does no damage. x2
You block the freezing wraith's attack.
The freezing wraith hits you but does no damage.
You closely miss the freezing wraith.
The freezing wraith hits you but does no damage.
The freezing wraith hits you.
* * * LOW HITPOINT WARNING * * *
The freezing wraith drains your vigour!
You feel as though you will be slow longer.
The freezing wraith hits you but does no damage.
You block the freezing wraith's attack.
You barely miss the freezing wraith. The freezing wraith hits you!
* * * LOW HITPOINT WARNING * * *
The freezing wraith freezes you!!
You die...

#..# #.......⌠
##..#####...o..≈≈ # .....
...o..≈.. .# ##.##
#...H.≈.. #(
##...####o.....≈≈
#.##................
#.#.................
######.##.....##...###≈≈≈
.<.....)@W...###.!..# ≈≈
#######)###.## #......#
#)# ### ##.####.. #.# #.#
.# #.# #.# # #.# #.# # #
#.# .# #. # #.# #..# #.#
#..#


You could see a freezing wraith.

Vanquished Creatures
  A hippogriff (D:6)
  Menkaure (D:4)
  3 orc warriors
  An ice beast (D:4)
  A sky beast (D:3)
  A phantom (D:5)
  An ogre (D:6)
  3 bullfrogs
  A hound (D:4)
  A centaur zombie (D:5)
  A jelly (D:6)
  2 orc priests
  An orc wizard (D:6)
  A bullfrog skeleton (D:5)
  A centaur skeleton (D:3)
  An iguana (D:6)
  4 worker ants
  A howler monkey zombie (D:5)
  A gnoll (D:3)
  3 adders
  2 shadow imps
  An ooze (D:2)
  8 worms
  2 dart slugs (D:1)
  3 leopard geckos
  17 orcs
  A ball python (D:1)
  4 bats
  2 giant cockroaches (D:1)
  7 hobgoblins
  4 jackals
  2 quokkas
  4 frilled lizards
  6 goblins
  A jackal zombie (D:6)
  6 kobolds
  5 rats
105 creatures vanquished.

Notes
Turn   | Place    | Note
-------+----------+-------------------------------------------
     0 | D:1      | Freyura the Gargoyle Fighter began the quest for the Orb.
     0 | D:1      | Reached XP level 1. HP: 14/14 MP: 1/1
   218 | D:1      | Reached XP level 2. HP: 19/19 MP: 2/2
   421 | D:1      | Reached XP level 3. HP: 9/23 MP: 3/3
  1529 | D:2      | Reached XP level 4. HP: 17/28 MP: 4/4
  1889 | D:2      | Reached skill level 1 in Dodging
  2258 | D:3      | Noticed a bullfrog
  2274 | D:3      | HP: 1/29 [bullfrog (3)]
  2276 | D:3      | Killed a bullfrog
  2276 | D:3      | Reached XP level 5. HP: 1/33 MP: 5/5
  2833 | D:3      | Noticed a sky beast
  2886 | D:3      | Killed a sky beast
  2886 | D:3      | Reached XP level 6. HP: 22/38 MP: 6/6
  3265 | D:4      | Noticed Menkaure
  3280 | D:4      | Killed Menkaure
  3505 | D:4      | Noticed an ice beast
  3517 | D:4      | Reached XP level 7. HP: 26/44 MP: 7/7
  3732 | D:4      | Found Zaudu's General Store.
  3799 | D:4      | Reached skill level 5 in Maces & Flails
  4074 | D:4      | Found a basalt altar of Yredelemnul.
  4161 | D:4      | Found a shadowy altar of Dithmenos.
  4267 | D:5      | Entered Level 5 of the Dungeon
  4397 | D:5      | Reached skill level 5 in Fighting
  4397 | D:5      | Reached skill level 5 in Armour
  4397 | D:5      | Reached skill level 5 in Shields
  4409 | D:5      | Found a staircase to the Ecumenical Temple.
  4415 | D:5      | Reached XP level 8. HP: 44/49 MP: 8/8
  4430 | Temple   | Entered the Ecumenical Temple
  4467 | Temple   | Became a worshipper of Ashenzari the Shackled
  4593 | D:5      | Noticed a moth of wrath
  4607 | D:5      | Found a bloodstained altar of Trog.
  5473 | D:6      | Found Zeutut's Armour Emporium.
  5839 | D:6      | Noticed a hippogriff
  5875 | D:6      | Killed a hippogriff
  5885 | D:6      | Gained mutation: Your muscles are strong. (Str +2) [potion
                  | of mutation]
  5885 | D:6      | Gained mutation: Your movements are slightly less
                  | encumbered by armour. (ER -2) [potion of mutation]
  5891 | D:6      | Reached XP level 9. HP: 26/55 MP: 9/9
  5896 | D:6      | Noticed a freezing wraith
  5903 | D:6      | Demolished by a freezing wraith

Skill      XL: |  1  2  3  4  5  6  7  8  9 |
---------------+----------------------------+-----
Dodging        | 1 2 3 |  3.5
Maces & Flails | 3 4 5 6 |  6.8
Armour         | 4 5 |  5.9
Shields        | 4 5 6 |  6.0
Fighting       | 4 5 6 |  6.0

Action                   |  1- 3 |  4- 6 |  7- 9 || total
-------------------------+-------+-------+-------++-------
Melee: Flail             |   155 |   168 |   287 ||   610
Invok: Curse Item        |       |       |     5 ||     5
  Use: Potion            |       |     1 |     4 ||     5
       Scroll            |       |       |     1 ||     1
  Eat: Chunk             |     2 |     4 |     4 ||    10
       Ration            |       |     1 |     1 ||     2
Armor: Scale mail        |    69 |   102 |    32 ||   203
       Chain mail        |       |       |   158 ||   158
Dodge: Dodged            |    51 |    54 |    75 ||   180
Block: Medium shield     |    78 |    73 |   174 ||   325
